 Dungeon Crawl Stone Soup version 0.22-a0-322-g60b3cfd (webtiles) character file.

19 Kairos the Shield-Bearer (level 2, 25/25 HPs)
             Began as a Formicid Fighter on Apr 5, 2018.
             Got out of the dungeon alive.
             The game lasted 00:00:37 (347 turns).

Kairos the Shield-Bearer (Formicid Fighter)          Turns: 347, Time: 00:00:39

Health: 25/25      AC:  3    Str: 20    XL:     2   Next: 95%
Magic:  2/2        EV:  9    Int:  7    God:
Gold:   12         SH:  9    Dex: 10    Spells: 1/1 levels left

rFire    . . .     SeeInvis +   a - +0 quarterstaff
rCold    . . .     Gourm    .   c - +0 shield
rNeg     . . .     Faith    .   g - +0 leather armour (curse)
rPois    .         Spirit   .   (helmet unavailable)
rElec    .         Reflect  .   (no cloak)
rCorr    .         Harm     .   (no gloves)
MR       .....                  (no boots)
Stlth    +.........             (no amulet)
HPRegen  0.08/turn              (no ring)
MPRegen  0.08/turn              (no ring)

@: no status effects
A: permanent stasis, dig shafts and tunnels, four strong arms, antennae 3
a: Dig, Shaft Self


You escaped.
You were not hungry.

You visited 1 branch of the dungeon, and saw 1 of its levels.

You collected 12 gold pieces.

Inventory:

Hand Weapons
 a - a +0 quarterstaff (weapon)
Armour
 b - a +0 scale mail
 c - a +0 shield (worn)
 g - a cursed +0 leather armour (worn)
Scrolls
 e - a scroll of blinking {unknown}
Potions
 d - a potion of might
Comestibles
 f - a ration


   Skills:
 + Level 3.6 Fighting
 + Level 2.1 Staves
 + Level 3.5 Armour
 + Level 4.0 Shields


You had one spell level left.
You didn't know any spells.

Dungeon Overview and Level Annotations

Branches:
Dungeon (1/15)

Altars:


Innate Abilities, Weirdness & Mutations

You cannot be hasted, slowed, berserked, paralysed or teleported.
You can dig through walls and to a lower floor.
Your four strong arms can wield two-handed weapons with a shield.
You have a pair of large antennae on your head. (SInv)


Message History

You sense a monster nearby.
No target in view!
No target in view!
There is an open door here.
You see here a dyed leather armour.
g - a dyed leather armour You start removing your armour.
You continue taking off your +0 scale mail. x4
You finish taking off your +0 scale mail.
You start putting on your armour.
You continue putting on your dyed leather armour.
HP restored.
You continue putting on your dyed leather armour. x4
You finish putting on your cursed +0 leather armour.
Oops, that feels deathly cold.
You open the door.
There is an open door here.
There is a staircase leading out of the dungeon here.
Are you sure you want to leave the Dungeon?
This will make you lose the game!
You have escaped!

#..#.##.........).#########
#...........#.........#
........#.#.####'######
#....÷#.#.#.####.##
..............##..##
##.#........####...##
..............##....##
.....#.##.#####......##
....##.#..'.....@.....#
##.......######......##
#..##.### ##....## ##..##.#
#...## .....#.# #..##
.....#÷#########.##
...†..........##+#
....)#........#
.....#........#


There were no monsters in sight!

Vanquished Creatures
  2 dart slugs (D:1)
  A giant cockroach (D:1)
  A goblin (D:1)
  3 hobgoblins (D:1)
  A ball python (D:1)
  5 frilled lizards (D:1)
  2 kobolds (D:1)
  2 rats (D:1)
17 creatures vanquished.

Notes
Turn   | Place    | Note
-------+----------+-------------------------------------------
     0 | D:1      | Kairos the Formicid Fighter began the quest for the Orb.
     0 | D:1      | Reached XP level 1. HP: 18/18 MP: 1/1
    70 | D:1      | Reached XP level 2. HP: 13/24 MP: 2/2
    94 | D:1      | Reached skill level 4 in Shields
   347 | D:$      | Got out of the dungeon alive.

Vault maps used:
D:1:      mrwooster_arrival_arrow

Skill      XL: |  1  2 |
---------------+-------+-----
Shields        | 4 |  4.0
Fighting       | |  3.6
Staves         | |  2.1
Armour         | |  3.5

Action                   || total
-------------------------++-------
Melee: Quarterstaff      ||    38
Armor: Scale mail        ||     7
Dodge: Dodged            ||     6
Block: Shield            ||    17

Table legend:
 A = Spawn XP
 B = Non-spawn XP
 C = Spawn XP percentage of total XP
 D = Spawn monster count
 E = Non-spawn monster count
 F = Spawn count percentage of total count
 G = Total turns spent on level
                    A         B        C        D         E        F      G
               +---------+---------+-------+---------+---------+-------+---------
         Total |       0 |      28 |   0.0 |       0 |      17 |   0.0 |   347
               +---------+---------+-------+---------+---------+-------+---------
           D:1 |       0 |      28 |   0.0 |       0 |      17 |   0.0 |   347
               +---------+---------+-------+---------+---------+-------+---------
